 Dungeon Crawl Stone Soup version 0.29.1-13-g9f3cf754e1 (webtiles) character file.

Game seed: 5622237475981628721

6005 MajorAdolf the Covert (level 10, -3/96 HPs)
             Began as a Naga Wanderer on Jan 21, 2023.
             Slain by a two-headed ogre
             ... wielding a +0 giant club
              (18 damage)
             ... on level 10 of the Dungeon.
             The game lasted 00:25:33 (21419 turns).

MajorAdolf the Covert (Naga Wanderer)              Turns: 21419, Time: 00:25:33

Health: -3/96      AC:  8    Str: 15    XL:     10   Next: 85%
Magic:  11/11      EV:  8    Int: 17    God:
Gold:   748        SH:  5    Dex: 10    Spells: 11/11 levels left

rFire   . . .      SeeInvis +   x - +1 flail (protect)
rCold   + . .      Faith    .   b - +0 buckler
rNeg    . . .      Spirit   .   f - +2 ring mail of the Tick {+Inv rC+}
rPois   +          Reflect  .   (no helmet)
rElec   .          Harm     .   (no cloak)
rCorr   .          Rampage  .   (no gloves)
Will    +....                   (no barding)
Stlth   ++++......              q - amulet of magic regeneration
HPRegen 0.26/turn               (no ring)
MPRegen 0.52/turn               (no ring)

@: short of breath, very slow
A: AC +3, large, see invisible, deformed body, poison resistance, slowness 2,
spit poison 1, naga tail 1
a: Spit Poison, Evoke Invisibility


You were on level 10 of the Dungeon.
You visited 2 branches of the dungeon, and saw 11 of its levels.

You collected 748 gold pieces.

Inventory:

Hand Weapons
 k - a +1 dagger of holy wrath
 x - a +1 flail of protection (weapon)
 A - a +5 flail
 B - a +0 war axe
Missiles
 y - a throwing net
Armour
 b - a +0 buckler (worn)
 e - a +2 scale mail of cold resistance
 f - the +2 ring mail of the Tick (worn) {+Inv rC+}
   (You found it on level 3 of the Dungeon)

   rC:        It protects you from cold.
   +Inv:      It lets you turn invisible.
 p - a +0 robe
Jewellery
 q - an amulet of magic regeneration (around neck)
 t - an amulet of faith
 z - an amulet of the acrobat
Wands
 r - a wand of light (12)
 s - a wand of roots (3)
 u - a wand of polymorph (11)
 G - a wand of flame (9)
Scrolls
 c - a scroll of poison {unknown}
 d - 2 scrolls of enchant weapon
 h - a scroll of blinking
 i - 2 scrolls of vulnerability
 w - 4 scrolls of teleportation
 C - a scroll of amnesia
 D - 2 scrolls of identify
 E - a scroll of enchant armour {unknown}
 F - a scroll of fear
Potions
 a - 3 potions of flight {unknown}
 g - 3 potions of curing
 j - 2 potions of magic
 l - a potion of heal wounds
 m - a potion of lignification {unknown}
 n - a potion of berserk rage {unknown}
 o - 2 potions of haste {unknown}
 v - 2 potions of might {unknown}


   Skills:
 + Level 8.0 Fighting
 + Level 6.6 Maces & Flails
 - Level 1.0 Armour
 - Level 1.0 Dodging
 + Level 11.3 Stealth
 + Level 6.7 Shields
 - Level 1.0 Spellcasting
 - Level 2.0 Transmutations
 + Level 7.0 Evocations


You had 11 spell levels left.
You didn't know any spells.
Your spell library contained the following spells:

 Spells                   Type           Power      Damage    Failure   Level
 Sting                    Tmut/Pois      16%        1d3       32%         1
 Wereblood                Tmut           7%         N/A       32%         2
 Ignite Poison            Fire/Tmut/Pois 3%         N/A       75%         3
 Conjure Flame            Conj/Fire      0%         6-21      83%         3
 Stone Arrow              Conj/Erth      0%         3d7       83%         3
 Ice Form                 Ice/Tmut       4%         N/A       97%         4
 Animate Armour           Summ/Erth      0%         N/A       99%         4
 Sticky Flame             Conj/Fire      0%         2d3       99%         4
 Lehudib's Crystal Spear  Conj/Erth      0%         10d2      100%        8


Dungeon Overview and Level Annotations

Branches:
Dungeon (10/15)            Temple (1/1) D:5
   Lair: D:8-11         Orc: D:9-12

Altars:
Ashenzari
Cheibriados
Dithmenos
Elyvilon
Fedhas
Hepliaklqana
Kikubaaqudgha
Makhleb
Nemelex Xobeh
Okawaru
Qazlal
Sif Muna
Trog
Uskayaw
Vehumet
Wu Jian
Xom
Yredelemnul
Zin
The Shining One
Lugonu

Shops:
D:1 *((!

Annotations:
D:6 Pikel
D:7 1 runed translucent door, 1 transporter, Crazy Yiuf; IHuginn's ghost, novice GrFi


Innate Abilities, Weirdness & Mutations

Your serpentine skin is tough. (AC +3)
You have supernaturally acute eyesight. (SInv)
Armour fits poorly on your strangely shaped body.
Your system is resistant to poisons. (rPois)
You cover ground very slowly.
You can spit poison.
You have a snake-like lower body.


Message History

Aiming: Spit Poison (1% risk of failure)
Press: ? - help, Shift-Dir - straight line, f - two-headed ogre
Aim: a two-headed ogre, wielding two +0 giant clubs (asleep, 100% to hit)
The splash of poison hits the two-headed ogre.
The two-headed ogre is poisoned.
The two-headed ogre is lightly wounded.
The two-headed ogre shouts in stereo!
Aiming: Throw Flame
Press: ? - help, Shift-Dir - straight line, f/p - two-headed ogre
Aim: a two-headed ogre, wielding two +0 giant clubs (lightly wounded, poisoned, 88% to hit)
The puff of flame misses the two-headed ogre.
Aiming: Throw Flame
Press: ? - help, Shift-Dir - straight line, f/p - two-headed ogre
Aim: a two-headed ogre, wielding two +0 giant clubs (lightly wounded, poisoned, 88% to hit)
The puff of flame hits the two-headed ogre!
The two-headed ogre is moderately wounded.
Your +1 flail of protection hums with potential!
x - a +1 flail of protection (weapon)
Unknown command.
You sock the two-headed ogre!
Your weapon exudes an aura of protection.
The two-headed ogre is heavily wounded.
The two-headed ogre hits you with a +0 giant club! x2
You barely miss the two-headed ogre.
The two-headed ogre is heavily wounded.
You have got your breath back.
The two-headed ogre hits you with a +0 giant club!
The two-headed ogre hits you with a +0 giant club!!
Aiming: Spit Poison (1% risk of failure)
Press: ? - help, Shift-Dir - straight line, f/p - two-headed ogre
Aim: a two-headed ogre, wielding two +0 giant clubs (heavily wounded, poisoned, 83% to hit)
The splash of poison hits the two-headed ogre!
The two-headed ogre looks even sicker.
The two-headed ogre is severely wounded.
You barely miss the two-headed ogre.
The two-headed ogre is severely wounded.
The two-headed ogre hits you with a +0 giant club!!
* * * LOW HITPOINT WARNING * * *
The two-headed ogre hits you with a +0 giant club!!
You die...

+########
...$...#
.......#
......+
...$..#
#.....#
##O....##
#.@.....#
#.......#
+.......#
######.##
#


You could see a two-headed ogre (very poisoned).

Vanquished Creatures
  A troll (D:7)
  Prince Ribbit (D:5)
  7 yaks
  2 steam dragons
  Menkaure (D:6)
  An acid dragon (D:7)
  4 water moccasins
  3 orc warriors
  A sky beast (D:7)
  2 ice beasts (D:7)
  A black bear (D:7)
  3 ogres
  5 centaurs
  2 lemures (D:7)
  A phantom (D:4)
  2 kobold brigands
  4 bullfrogs
  A gnoll sergeant (D:6)
  5 scorpions
  12 wights
  2 howler monkeys
  A jelly (D:5)
  3 gnoll boudas
  5 hounds
  2 orc priests
  An iguana (D:4)
  Natasha (thrice) (D:2)
  7 orc wizards
  19 gnolls
  7 adders
  2 white imps
  An ufetubus (D:5)
  3 worms
  18 orcs
  5 bats
  3 endoplasms (D:1)
  4 giant cockroaches
  6 goblins
  7 hobgoblins
  7 jackals
  3 quokkas
  9 ball pythons
  3 frilled lizards
  10 kobolds
  8 rats
198 creatures vanquished.

Notes
Turn   | Place    | Note
-------+----------+-------------------------------------------
     0 | D:1      | MajorAdolf the Naga Wanderer began the quest for the Orb.
     0 | D:1      | MajorAdolf set off with the following items: a +0 club, a
                  | +0 buckler, a scroll of fear, a +0 leather armour, a scroll
                  | of teleportation; and the following spell memorised: Sting;
                  | and the following spells available to memorise: Wereblood,
                  | Ice Form.
     0 | D:1      | Reached XP level 1. HP: 21/21 MP: 2/2
   111 | D:1      | Found Firujyif's Book Shoppe.
   126 | D:1      | Reached skill level 1 in Stealth
   479 | D:1      | Reached XP level 2. HP: 27/28 MP: 3/3
   487 | D:1      | Found Carph's Assorted Antiques.
   508 | D:1      | Found Kexun's Weapon Emporium.
   663 | D:1      | Found Hytiaf's Distillery.
   907 | D:1      | Reached skill level 2 in Stealth
  1641 | D:1      | Found Yxzi's Antique Weapon Boutique.
  1723 | D:1      | Found a faded altar of an unknown god.
  1733 | D:1      | Reached XP level 3. HP: 33/34 MP: 4/4
  3718 | D:2      | Reached skill level 3 in Stealth
  3718 | D:2      | Reached XP level 4. HP: 43/43 MP: 3/5
  3910 | D:2      | Noticed Natasha
  4690 | D:3      | Identified the +2 ring mail of the Tick {+Inv rC+}
  5710 | D:3      | Reached XP level 5. HP: 50/50 MP: 2/6
  5924 | D:3      | Reached skill level 4 in Stealth
  6497 | D:4      | You fall into a shaft and drop 3 floors!
  6506 | D:7      | Found a runed translucent door.
  6507 | D:7      | Noticed Crazy Yiuf
  6536 | D:7      | Noticed a water moccasin
  6548 | D:7      | Reached skill level 1 in Maces & Flails
  6548 | D:7      | Reached XP level 6. HP: 46/57 MP: 7/7
  6581 | D:7      | Noticed an ice beast
  6620 | D:7      | Killed an ice beast
  6760 | D:7      | Noticed a water moccasin
  6761 | D:7      | Noticed a black bear
  6784 | D:7      | Killed a water moccasin
  6785 | D:7      | Reached skill level 5 in Stealth
  6785 | D:7      | Reached XP level 7. HP: 16/66 MP: 8/8
  7254 | D:6      | Reached skill level 5 in Fighting
  7254 | D:6      | Reached skill level 6 in Stealth
  7430 | D:5      | Entered Level 5 of the Dungeon
  7661 | D:6      | Reached XP level 8. HP: 57/74 MP: 9/9
  8595 | D:5      | Reached skill level 7 in Stealth
  8706 | D:5      | Noticed Prince Ribbit
  9071 | D:5      | Found a staircase to the Ecumenical Temple.
  9100 | Temple   | Entered the Ecumenical Temple
  9493 | D:5      | Killed Prince Ribbit
  9643 | D:5      | Reached skill level 8 in Stealth
  9729 | D:4      | Reached XP level 9. HP: 72/82 MP: 10/10
 10556 | D:6      | Found a glowing golden altar of the Shining One.
 10557 | D:6      | Found a snail-covered altar of Cheibriados.
 11092 | D:6      | Reached skill level 5 in Shields
 11110 | D:6      | Noticed Menkaure
 11127 | D:6      | Killed Menkaure
 11128 | D:6      | Reached skill level 5 in Evocations
 11558 | D:2      | Killed Natasha
 11563 | D:2      | Noticed Natasha
 11572 | D:2      | Killed Natasha
 11821 | D:2      | Noticed Natasha
 11826 | D:2      | Killed Natasha
 13814 | D:7      | Found a transporter.
 13841 | D:7      | Noticed IHuginn's ghost (novice GrFi)
 13854 | D:7      | Reached skill level 9 in Stealth
 13874 | D:7      | Noticed a troll
 13977 | D:7      | Killed a troll
 13978 | D:7      | Reached skill level 5 in Maces & Flails
 14597 | D:7      | Identified the +8 great mace "Quod" {protect, *Slow Str+5}
 14597 | D:7      | Noticed a two-headed ogre
 15246 | D:7      | Reached XP level 10. HP: 61/90 MP: 11/11
 15572 | D:7      | Reached skill level 10 in Stealth
 16814 | D:8      | Noticed Pikel
 18756 | D:9      | Found a broken altar of Ashenzari.
 19401 | D:9      | Found an ancient bone altar of Kikubaaqudgha.
 19441 | D:9      | Reached skill level 11 in Stealth
 20700 | D:9      | Found a hazy altar of Hepliaklqana.
 20701 | D:9      | Found a bloodstained altar of Trog.
 20706 | D:9      | Found a white marble altar of Elyvilon.
 20707 | D:9      | Found an iron altar of Okawaru.
 20710 | D:9      | Found a burning altar of Makhleb.
 20712 | D:9      | Found a shadowy altar of Dithmenos.
 20712 | D:9      | Found a hide-covered altar of Uskayaw.
 21322 | D:9      | Found a glowing silver altar of Zin.
 21410 | D:10     | Entered Level 10 of the Dungeon
 21410 | D:10     | Noticed a two-headed ogre
 21419 | D:10     | Slain by a two-headed ogre

Illustrated notes

Levels and vault maps discovered:
D:1:      evilmike_arrival_rings, layout_basic,
          dreamdust_ecumenical_altar_angels_and_demons, serial_shops, shop,
          shop, shop, shop_coins, shop_fountains, minmay_close_crescents
D:2:      layout_loops_ring, uniq_natasha
D:3:      layout_loops_ring
D:4:      layout_rooms
D:5:      layout_basic, minmay_temple_entry_grid, uniq_prince_ribbit1
D:6:      layout_basic, nicolae_overflow_squiral, uniq_menkaure
D:7:      layout_cave_pools, gammafunk_ghost_smash, uniq_crazy_yiuf_cottage
D:8:      layout_rooms, uniq_pikel
D:9:      layout_loops_ring, mainiacjoe_overflow_cross_hatched,
          overflow_temple_1_default, nicolae_overflow_hallway_of_the_gods
D:10:     layout_stronghold, grunt_gozag_statues,
          nicolae_ru_sacrificial_ziggurat, uniq_sonja
Temple:   corrupted_temple

Skill      XL: |  1  2  3  4  5  6  7  8  9 10 |
---------------+-------------------------------+-----
Stealth        | 1 2 3 4 5 6 8 9 11 | 11.3
Shields        | 2 3 4 5 6 |  6.7
Fighting       | 4 5 6 7 8 |  8.0
Maces & Flails | 1 2 4 5 6 |  6.6
Evocations     | 2 3 4 5 7 |  7.0
Armour         | |  1.0
Dodging        | |  1.0
Spellcasting   | |  1.0
Transmutations | |  2.0

Action                   |  1- 3 |  4- 6 |  7- 9 | 10-12 || total
-------------------------+-------+-------+-------+-------++-------
Melee: Club              |     6 |       |       |       ||     6
       Short sword       |    98 |       |       |       ||    98
       Dagger            |    30 |    56 |       |       ||    86
       Flail             |       |    68 |   381 |   309 ||   758
 Cast: Sting             |    26 |    26 |     6 |       ||    58
 Abil: Spit Poison       |    22 |    21 |    20 |    12 ||    75
Evoke: Wand              |       |       |     1 |     7 ||     8
  Use: Scroll            |       |    12 |     1 |     5 ||    18
       Potion            |       |     1 |     2 |       ||     3
 Stab: Sleeping          |       |       |    11 |     2 ||    13
       Invisible         |       |       |       |     1 ||     1
Armor: Leather armour    |    68 |     2 |       |       ||    70
       Robe              |       |     8 |       |       ||     8
       Ring mail         |       |    56 |   215 |   152 ||   423
Dodge: Dodged            |   104 |    55 |   171 |   137 ||   467
Block: Buckler           |    33 |    17 |   100 |    76 ||   226
